Map: White Rabbit LE

Players

NicK - Winner!

  • Race: Zerg Zerg
  • Spawn Location: 1:00

HoldTheDoor

  • Race: Protoss Protoss
  • League: Diamond
  • Spawn Location: 7:00

VOD

Have the link to the VOD?

Description

Time

  • Played on: May 19, 2026, 11:47 a.m.
  • Length: 5:58
Show
View Real Time Build Order
Export as new Build Order

NicK Zerg - Winner!

Build Orders: Hatch First 

Get SALT Encoding   

  12  0:00  Drone  
  13  0:13  Overlord  
  13  0:17  Drone  
  14  0:31  Drone x2  
  16  0:46  Hatchery  
  15  0:51  Drone  
  15  0:53  Drone  
  17  0:57  Drone  
  18  1:11  Spawning Pool  
  18  1:14  Extractor  
  18  1:15  Drone  
  17  1:18  Drone  
  18  1:28  Drone  
  19  1:40  Drone  
  20  1:52  Overlord  
  20  1:58  Queen x2  
  24  2:03  Drone  
  25  2:09  Drone  
  25  2:15  Drone  
  27  2:28  Drone x2  
  29  2:30  Hatchery, Metabolic Boost  
  28  2:39  Drone x2  
  30  2:46  Queen  
  30  2:50  Drone x2  
  34  2:56  Zergling x2  
  34  2:57  Zergling x2  
  36  3:09  Overlord x2  
  36  3:27  Queen  
  36  3:29  Drone x5  
  43  3:35  Drone  
  44  3:45  Drone x3  
  47  3:48  Drone  
  47  3:49  Drone x2  
  47  3:54  Extractor  
  49  3:56  Extractor  
  49  3:58  Overlord x2  
  49  3:59  Drone x2  
  50  4:03  Drone x2  
  50  4:04  Roach Warren  
  51  4:19  Drone  
  51  4:22  Lair  
  52  4:26  Overlord x3  
  52  4:27  Overlord  
  52  4:46  Roach x10  
  72  5:02  Roach x3  
  72  5:03  Roach x4  
  72  5:05  Zergling x2  
  72  5:06  Zergling x10  
  92  5:15  Spore Crawler  
  92  5:17  Drone  
  92  5:20  Roach x2  
  96  5:25  Zergling x4  
  98  5:29  Zergling x2  
  98  5:32  Zergling x6  
  98  5:33  Zergling x8  
Show
View Real Time Build Order
Export as new Build Order

HoldTheDoor Protoss 

Build Orders: 1 Gate Expand 

Get SALT Encoding   

  12  0:00  Probe  
  13  0:12  Probe  
  14  0:18  Pylon  
  14  0:24  Probe  
  15  0:32  Probe  
  15  0:40  Probe  
  15  0:41  Gateway  
  16  0:48  Assimilator  
  17  0:51  Probe  
  18  1:03  Probe  
  19  1:23  Nexus  
  19  1:34  Cybernetics Core  
  19  1:38  Probe  
  20  1:48  Pylon  
  20  1:52  Probe  
  21  2:00  Stalker  
  21  2:04  Probe  
  22  2:13  Warp Gate  
  24  2:16  Gateway  
  24  2:17  Probe  
  25  2:25  Stalker  
  25  2:32  Probe  
  25  2:36  Probe  
  29  2:48  Probe  
  29  2:49  Probe, Robotics Facility  
  31  3:00  Probe  
  31  3:01  Probe  
  33  3:12  Probe  
  34  3:13  Probe  
  34  3:14  Gateway  
  34  3:16  Gateway  
  35  3:24  Probe  
  35  3:25  Probe  
  35  3:26  Warp Prism  
  37  3:36  Probe  
  37  3:40  Pylon  
  40  3:58  Gateway  
  40  4:01  Gateway  
  40  4:03  Gateway x2  
  40  4:04  Gateway  
  40  4:14  Stalker x3  
  40  4:15  Stalker  
  48  4:35  Pylon  
  48  4:48  Stalker x2  
  48  4:50  Pylon  
  52  4:53  Pylon  
  52  5:13  Stalker  
  52  5:14  Stalker  
  56  5:15  Zealot x6  
  68  5:28  Pylon  
  68  5:31  Pylon  
  68  5:35  Zealot  
  68  5:36  Zealot x4  
  74  5:48  Stalker  
  74  5:49  Zealot x2  
Tags
 
Add a new tag
Caveats
  • Supply blocks, unpowered buildings, or Contaminate may cause inaccurate times.
  • Supply counts are checked every 10 seconds.